AoeStats
← Cuervo

African Clearing

506036970Analyzed
4v4 RM · 19d ago on Sep 12, 2026· 67m 43s· 8 players
Game mode
Random Map
Map size
Large (8 player)
Population
200
Speed
Normal
Resources
Standard
Victory
Conquest
Starting age
Dark Age
Ending age
Imperial Age
RankedLock teamsTeams togetherTeam positionsShared explorationLock speedFull tech treeHidden civsTurbo modeCheats
Victory
Defeat
🇨🇱 Saracens · Chile
1107
+12
🇦🇷 Koreans · Argentina
1037
+15
🇦🇷 Bulgarians · Argentina
1023
+16
🇦🇷 Vietnamese · Argentina
978
+17
🇨🇳 Vikings · China
1045
-16
🇺🇸 Lithuanians · United States
1034
-16
🇺🇸 Spanish · United States
1013
-15
🇨🇴 Portuguese · Colombia
976
-21
rudra_ovs
15:26 Feudal Age
14:56 Loom
18:19 Wheelbarrow
20:38 Castle Age
19:48 Double-Bit Axe
19:51 Horse Collar
21:28 Scale Barding Armor
21:33 Forging
23:32 Bloodlines
30:47 Hand Cart
30:17 Town Watch
37:09 Padded Archer Armor
37:00 Fletching
40:11 Imperial Age
39:20 Bow Saw
39:13 Heavy Plow
40:36 Chain Barding Armor
40:53 Iron Casting
40:36 Gold Mining
42:21 Two-Man Saw
41:21 Stone Mining
42:31 Conscription
42:23 Stone Mining
44:09 Plate Barding Armor
44:50 Husbandry
44:15 Pikeman
44:33 Elite Skirmisher
45:31 Leather Archer Armor
47:28 Chemistry
47:49 Halberdier
48:58 Scale Mail Armor
49:58 Blast Furnace
48:54 Bodkin Arrow
49:29 Ring Archer Armor
50:29 Squires
51:19 Chain Mail Armor
51:14 Arson
52:47 Bracer
54:36 Plate Mail Armor
57:30 Bombard Tower
59:07 Man-at-Arms
59:32 Gambesons
59:36 Long Swordsman
60:11 Two-Handed Swordsman
61:55 Ballistics
61:24 Champion
64:12 Stone Shaft Mining
Dillon
10:01 Loom
17:40 Feudal Age
22:24 Castle Age
21:46 Horse Collar
21:53 Double-Bit Axe
22:05 Stone Mining
22:09 Gold Mining
26:06 Bow Saw
29:11 Stone Shaft Mining
28:42 Heavy Plow
29:31 Bloodlines
29:23 Husbandry
29:48 Fervor
43:03 Scale Barding Armor
43:08 Forging
45:03 Iron Casting
44:49 Chain Barding Armor
44:20 Fletching
46:53 Scale Mail Armor
46:51 Bodkin Arrow
49:28 Imperial Age
48:03 Wheelbarrow
50:05 Chain Mail Armor
50:55 Plate Barding Armor
50:21 Bracer
50:40 Squires
51:34 Hand Cart
51:42 Conscription
51:24 Tower Shields
51:57 Crop Rotation
52:30 Two-Man Saw
51:11 Pikeman
53:06 Guilds
52:57 Caravan
52:23 Halberdier
56:25 Elite Leitis
57:46 Hoardings
58:14 Coinage
63:07 Arson
64:43 Banking
cristianalarconcalderon
5:20 Loom
14:42 Feudal Age
17:06 Double-Bit Axe
19:17 Scale Barding Armor
20:55 Bloodlines
21:56 Forging
27:22 Horse Collar
32:20 Castle Age
33:49 Iron Casting
32:39 Pikeman
33:52 Husbandry
34:04 Gold Mining
36:04 Chain Barding Armor
38:29 Bow Saw
43:10 Wheelbarrow
43:16 Wheelbarrow
43:54 Stone Mining
46:19 Hand Cart
50:26 Imperial Age
47:55 Treadmill Crane
50:32 Stone Shaft Mining
50:43 Murder Holes
50:40 Cavalier
59:08 Blast Furnace
AJ老师
3:49 Loom
14:35 Feudal Age
18:56 Castle Age
31:33 Double-Bit Axe
34:36 Horse Collar
35:24 Forging
35:19 Scale Barding Armor
38:17 Scale Barding Armor
44:45 Iron Casting
44:30 Chain Barding Armor
44:17 Scale Mail Armor
44:46 Fletching
44:56 Padded Archer Armor
45:20 Bow Saw
48:30 Iron Casting
47:55 Scale Mail Armor
48:16 Chain Barding Armor
VZ | Thyrfing
14:48 Feudal Age
16:32 Feudal Age
14:50 Loom
20:59 Castle Age
22:00 Double-Bit Axe
25:54 Imperial Age
33:08 Horse Collar
33:24 Stone Mining
33:24 Gold Mining
37:47 Wheelbarrow
37:50 Forging
37:46 Scale Barding Armor
39:25 Iron Casting
39:11 Chain Barding Armor
41:14 Bloodlines
41:05 Husbandry
43:24 Heavy Camel Rider
45:21 Gold Shaft Mining
46:57 Plate Barding Armor
47:23 Blast Furnace
46:25 Elite Mameluke
47:26 Conscription
52:06 Heavy Plow
52:37 Hand Cart
53:37 Coinage
56:31 Chemistry
55:52 Ballistics
55:59 Light Cavalry
60:35 Town Watch
68:16 Banking
Gitu
6:58 Loom
14:57 Feudal Age
17:57 Forging
17:38 Horse Collar
26:18 Castle Age
25:31 Scale Mail Armor
26:01 Gold Mining
26:04 Stone Mining
26:31 Pikeman
27:13 Squires
28:51 Husbandry
29:41 Double-Bit Axe
31:50 Gambesons
33:38 Stirrups
35:49 Arson
35:55 Arson
39:19 Iron Casting
39:00 Chain Mail Armor
38:51 Scale Barding Armor
42:44 Scale Barding Armor
42:55 Bloodlines
46:10 Masonry
52:02 Wheelbarrow
55:44 Imperial Age
53:33 Hand Cart
53:10 Town Watch
55:36 Bow Saw
56:10 Gold Shaft Mining
60:23 Blast Furnace
59:53 Plate Mail Armor
60:37 Halberdier
63:58 Ballistics
65:51 Conscription
Cuervo
13:24 Feudal Age
17:36 Castle Age
15:39 Double-Bit Axe
15:43 Loom
16:58 Gold Mining
18:39 Crossbowman
26:36 Horse Collar
32:18 Fletching
33:06 Heavy Plow
34:21 Wheelbarrow
34:43 Bow Saw
37:32 Hand Cart
37:21 Squires
39:54 Town Watch
43:33 Imperial Age
42:00 Scale Mail Armor
42:11 Forging
41:56 Bodkin Arrow
43:05 Gold Shaft Mining
44:19 Chain Mail Armor
44:40 Iron Casting
43:39 Elite Fire Lancer
46:37 Town Patrol
48:10 Chemistry
47:32 Ballistics
47:17 Siege Engineers
53:11 Bracer
53:41 Plate Mail Armor
53:29 Guilds
54:41 Scale Barding Armor
57:24 Conscription
CasquetE
6:34 Loom
14:16 Feudal Age
19:27 Man-at-Arms
33:47 Castle Age
40:48 Double-Bit Axe
45:57 Wheelbarrow
45:09 Town Watch
46:37 Pikeman
47:17 Squires
48:54 Fletching
53:52 Imperial Age
53:05 Ballistics
52:45 Murder Holes
53:21 Padded Archer Armor
53:18 Bodkin Arrow
53:41 Treadmill Crane
54:38 Scale Barding Armor
56:20 Chemistry
54:48 Elite Battle Elephant
56:40 Husbandry
56:50 Bloodlines
58:14 Bow Saw
58:24 Hand Cart
60:36 Paper Money
61:22 Two-Man Saw
60:52 Chain Barding Armor
60:44 Forging
60:35 Bracer
60:50 Leather Archer Armor
63:10 Plate Barding Armor
62:52 Leather Archer Armor
Connection lost

Rejoining the realm…

Still unreachable

The connection could not be restored.

Session expired

The server has moved on; the page needs a fresh start.